 Dungeon Crawl Stone Soup version 0.15.2 (webtiles) character file.

107908 magipi the Nimble (level 16, -18/150 HPs)
             Began as a Tengu Assassin on May 8, 2017.
             Was the Champion of Makhleb.
             Killed from afar by a guardian serpent (23 damage)
             ... with a bolt of poison
             ... on Level 2 of the Snake Pit.
             The game lasted 02:56:00 (32554 turns).

magipi the Nimble (Tengu Assassin)                 Turns: 32554, Time: 02:56:00

HP -18/150       AC 27     Str 20      XL: 16   Next: 48%
MP  30/30        EV 21     Int 16      God: Makhleb [******]
Gold 2836        SH 15     Dex 16      Spells:  0 memorised, 15 levels left

rFire  + + .     SeeInvis .     a - +12 whip of Esoakov {freeze, rF++ Stlth--}
rCold  + . .     Clarity  .     R - +5 ring mail of Khuch {+Rage rC+ Slay+2}
rNeg   . . .     rCorr    .     S - +2 shield {AC+3}
rPois  .         rRot     .     G - +2 hat
rElec  .         Spirit   .     o - +2 cloak {rPois}
SustAb .         Warding  .     H - +2 pair of gloves
rMut   +         Stasis   .     (boots unavailable)
Gourm  .                        m - amulet of resist mutation
MR     +....                    N - ring "Yllajaly" {AC+3 Str+1}
                                r - ring of regeneration

@: berserking (expiring), lethally poisoned, poison vulnerable, flying quickly
and evasively, very slightly contaminated, slowed, constricted, quick, somewhat
resistant to hostile enchantments, extremely unstealthy
A: able to fly continuously, beak, talons 3
a: Stop Flying, Minor Destruction, Lesser Servant of Makhleb, Major Destruction,
Greater Servant of Makhleb, Renounce Religion, Evoke Berserk Rage


You were on level 2 of the Snake Pit.
You worshipped Makhleb.
Makhleb was exalted by your worship.
You were not hungry.

You visited 4 branches of the dungeon, and saw 29 of its levels.
You also visited: Sewer.

You collected 3360 gold pieces.
You spent 524 gold pieces at shops.

Inventory:

Hand weapons
 a - the +12 whip of Esoakov (weapon) {freeze, rF++ Stlth--}
   (You found it on level 4 of the Dungeon)

   It has been specially enchanted to freeze those struck by it, causing extra
   injury to most foes and up to double damage against particularly susceptible
   opponents.
   It can also slow down cold-blooded creatures.
   It greatly protects you from fire.
   It makes you much less stealthy.
 b - the cursed +3 blowgun "Fraof" {speed, rPois rF- MR+}
   (You found it on level 15 of the Dungeon)

   Attacks with this weapon are significantly faster.
   It makes you vulnerable to fire.
   It protects you from poison.
   It affects your resistance to hostile enchantments.
   It has a curse placed upon it.
Missiles
 e - 92 poisoned needles
 J - 2 curare-tipped needles
 O - 4 needles of sleeping
 Q - 4 throwing nets (quivered)
Armour
 o - a +2 cloak of poison resistance (worn)
 y - the +3 cloak of Winter {Str+3 Dex+4}
   (You bought it in a shop on level 4 of the Orcish Mines)

   It affects your strength (+3).
   It affects your dexterity (+4).
 G - a +2 hat (worn)
 H - a +2 pair of gloves (worn)
 R - the +5 ring mail of Khuch (worn) {+Rage rC+ Slay+2}
   (You found it on level 10 of the Dungeon)

   It affects your accuracy and damage with ranged weapons and melee attacks
   (+2).
   It protects you from cold.
   It lets you go berserk.
 S - a +2 shield of protection (worn)
Magical devices
 l - a wand of digging (11)
 u - a wand of fire (8)
 x - a wand of cold (3)
 K - a wand of cold (8)
 T - a wand of paralysis (9)
 V - a wand of draining (4)
 Z - a wand of draining (2)
Comestibles
 g - 10 bread rations
 h - 14 meat rations
Scrolls
 j - 3 scrolls of identify
 q - 4 scrolls of fog
 t - 6 scrolls of magic mapping
 v - 8 scrolls of remove curse
 B - a scroll of holy word
 C - a scroll of summoning
 D - 7 scrolls of enchant weapon
 M - a scroll of recharging
 P - 2 scrolls of blinking
 W - a scroll of teleportation
 Y - a scroll of fear
Jewellery
 c - an uncursed ring of protection from cold
 f - a cursed ring of protection from fire
 i - an uncursed ring of see invisible
 m - an amulet of resist mutation (around neck)
 n - an uncursed ring of positive energy
 p - an uncursed ring of teleport control
 r - a ring of regeneration (left hand)
 N - the ring "Yllajaly" (right hand) {AC+3 Str+1}
   (You found it on level 8 of the Lair of Beasts)

   [ring of protection]

   It affects your AC (+3).
   It affects your strength (+1).
 X - an uncursed ring of invisibility
Potions
 d - 16 potions of curing
 k - 6 potions of agility
 s - 3 potions of might
 w - a potion of haste
 z - 2 potions of heal wounds
 A - a potion of magic
 E - a potion of resistance
 F - 3 potions of restore abilities
 I - a potion of berserk rage
 U - 2 potions of cancellation
Rods
 L - a +4 rod of destruction (10/10)
   (You found it on level 13 of the Dungeon)


   Skills:
 + Level 11.5 Fighting
   Level 2.1 Short Blades
 - Level 8.0 Maces & Flails
 - Level 9.4 Throwing
 + Level 12.4 Armour
 + Level 12.6 Dodging
 - Level 4.0 Stealth
 - Level 12.1 Shields
 - Level 10.0 Invocations
 - Level 10.4 Evocations


You had 15 spell levels left.
You didn't know any spells.

Dungeon Overview and Level Annotations

Branches:
Dungeon (15/15)            Temple (0/1) D:5             Orc (4/4) D:9
    Elf (0/3) Orc:3          Lair (8/8) D:8          Shoals (0/5) Lair:4
  Snake (2/5) Lair:3        Slime (0/6) Lair:8       Vaults (0/5) D:13
 Depths (0/5) D:15

Altars:
Ashenzari
Cheibriados
Dithmenos
Elyvilon
Fedhas
Kikubaaqudgha
Makhleb
Nemelex Xobeh
Sif Muna
Xom
Yredelemnul
Zin
The Shining One
Beogh
Jiyva

Shops:
D:11 [   D:15 :   Orc:4 ([*:

Annotations:
D:10 exclusion: ice statue
Lair:3 exclusion: oklob plant
Snake:2 Aizul


Innate Abilities, Weirdness & Mutations

You can fly continuously.
You have a beak for a mouth.
You have claws for feet.


Message History

The guardian serpent casts a spell at you.
You feel yourself slow down.
The guardian serpent coils itself and waves its upper body at you.
You feel as though you will be slow longer.
The guardian serpent casts a spell at you.
The bolt of poison hits you! You resist.
* * * LOW HITPOINT WARNING * * *
Unknown command.
The guardian serpent casts a spell at you.
You easily resist.
The guardian serpent coils itself and waves its upper body at you.
The bolt of poison misses you.
Unknown command.
Use which ability? (? or * to list)
A demon appears!
You feel slightly more hungry.
The guardian serpent casts a spell at you.
The bolt of poison hits you! You resist.
* * * LOW HITPOINT WARNING * * *
The bolt of poison hits your ynoxinul.
The guardian serpent closely misses you.
You swap places.
The guardian serpent hits your ynoxinul!
The guardian serpent hits your ynoxinul!!
Your ynoxinul dies!
The guardian serpent hits you.
* * * LOW HITPOINT WARNING * * *
Drink which item? (? for menu, Esc to quit)
You feel much better. The guardian serpent hits you!
* * * LOW HITPOINT WARNING * * *
You block the guardian serpent's attack.
Unknown command.
You whack the guardian serpent! You freeze the guardian serpent.
Your kick misses the guardian serpent.
The guardian serpent is moderately wounded.
The guardian serpent coils itself and performs some mystic snake dance.
The naga ritualist blinks!
The naga ritualist misses you. The naga ritualist grabs you.
The naga ritualist constricts you.
Unknown command.
You barely miss the guardian serpent.
You peck the guardian serpent, but do no damage.
The guardian serpent is moderately wounded.
The guardian serpent closely misses you.
The guardian serpent casts a spell at you.
The bolt of poison misses you. You block the naga ritualist's attack.
The naga ritualist constricts you.
You barely miss the guardian serpent. Your kick misses the guardian serpent.
The guardian serpent is moderately wounded.
The guardian serpent coils itself and waves its upper body at you.
The bolt of poison misses you. The naga ritualist closely misses you.
The naga ritualist constricts you.
The guardian serpent casts a spell at you.
The bolt of poison misses you.
Use which ability? (? or * to list)
A demon appears!
You feel slightly more hungry.
You block the guardian serpent's attack.
The naga ritualist casts a spell at you.
You feel yourself grow more vulnerable to poison.
* * * LOW HITPOINT WARNING * * *
The naga ritualist constricts you.
The guardian serpent closely misses you.
Unknown command.
Use which ability? (? or * to list)
A red film seems to cover your vision as you go berserk!
You feel yourself moving faster!
You feel mighty!
The guardian serpent closely misses you.
The naga ritualist casts a spell.
The naga ritualist begins to radiate toxic energy.
* * * LOW HITPOINT WARNING * * *
The naga ritualist constricts you.
You block the guardian serpent's attack.
The naga ritualist misses you. The naga ritualist constricts you.
You completely miss the guardian serpent.
Your kick misses the guardian serpent.
You peck the guardian serpent, but do no damage.
The guardian serpent is lightly wounded.
* * * LOW HITPOINT WARNING * * *
You are poisoned.
You block the guardian serpent's attack.
Your ynoxinul gestures.
Unknown command.
You thrash the guardian serpent!! You freeze the guardian serpent.
Your peck misses the guardian serpent.
The guardian serpent is severely wounded.
You feel sick.
* * * LOW HITPOINT WARNING * * *
You are more poisoned.
Your ufetubus is poisoned. x3
The guardian serpent hits you!
* * * LOW HITPOINT WARNING * * *
The naga ritualist hits you with a scimitar of venom!
* * * LOW HITPOINT WARNING * * *
You are lethally poisoned!
The naga ritualist constricts you.
Your ufetubus closely misses the naga ritualist.
Your ufetubus hits the naga ritualist but does no damage.
Your ynoxinul hits the naga ritualist!
The guardian serpent casts a spell at you.
The bolt of poison hits you!
You are more poisoned.
You die...

..>.>.. #N### #.. .....
.. #.# #.$ >
...####.########.% .
#................. ....
#..........S.....# ยง...
#.#####.########## ##..S
# #.#
########...##.########.#
#..............5@S.....#
#.######...###.3N####..#
#.# #...# #.55# #..#
..######.N.# #...# #..#
#...[2)S...# #...# #..#
############ #...# #..#
..... #..# ...... .... #
... ...


You could see a naga ritualist, a guardian serpent, a friendly ynoxinul and 3
friendly ufetubi.

Vanquished Creatures
  2 greater nagas (Snake:2)
  A frost giant (D:13)
  2 very ugly things
  A dire elephant (Lair:8)
  A blizzard demon (D:14)
  A yaktaur captain (D:13)
  A naga warrior (Snake:1)
  Fannar (D:14)
  4 hydras
  3 anacondas
  A centaur warrior (D:15)
  2 tengu warriors (D:13)
  A fire crab (Lair:8)
  3 unseen horrors
  A deep elf conjurer (D:15)
  16 hill giants
  An orc knight (D:15)
  A necromancer (D:15)
  7 ugly things
  4 cyclopes
  2 orc sorcerers (D:15)
  A mana viper (Snake:1)
  11 black mambas
  2 griffons
  2 naga magi
  28 elephants
  Joseph (D:8)
  3 gargoyles
  7 spiny frogs
  An orange demon (D:13)
  2 yaktaurs (D:13)
  A kobold demonologist (D:14)
  An efreet (D:13)
  3 komodo dragons
  A fire drake (Lair:7)
  A queen bee (D:10)
  3 trolls
  2 fire drakes (shapeshifter)
  A catoblepas zombie (D:15)
  6 blink frogs
  2 ravens (D:14)
  2 merfolk (Lair:4)
  13 slime creatures
  A trapdoor spider (D:13)
  6 basilisks
  3 wyverns
  2 wraiths (D:14)
  A water elemental (D:13)
  9 hippogriffs
  A shadow (D:14)
  48 yaks
  4 deep elf magi
  A wandering mushroom (Lair:3)
  A steam dragon (D:13)
  14 wolves
  5 wargs
  Edmund (D:9)
  A mottled dragon (D:15)
  4 vampire mosquitoes (D:13)
  Menkaure (D:4)
  7 water moccasins
  A human skeleton (D:15)
  9 porcupines
  29 orc warriors
  7 nagas (Snake:1)
  A black bear (Orc:1)
  A yellow wasp (D:13)
  A manticore zombie (D:15)
  6 ogres
  A boring beetle (Lair:8)
  3 phantoms
  7 crocodiles
  3 sky beasts
  A necrophage (D:9)
  12 centaurs
  The ghost of dscm the Digger, an average OpEE (D:4)
  A yaktaur zombie (D:15)
  6 big kobolds
  16 giant frogs
  2 cyclops zombies
  An eye of draining (shapeshifter) (D:13)
  29 killer bees
  A cyclops skeleton (D:14)
  2 scorpions
  A hippogriff skeleton (D:12)
  13 wights
  4 electric eels
  A giant frog zombie (D:7)
  6 crimson imps
  23 jellies
  A goliath beetle (D:6)
  A quasit (D:14)
  4 centaur skeletons
  4 human zombies (D:14)
  20 orc priests
  Crazy Yiuf (D:3)
  16 hounds
  A giant frog skeleton (D:5)
  An elf skeleton (D:12)
  8 iguanas
  A shapeshifter simulacrum (D:15)
  37 orc wizards
  11 worker ants
  5 sheep (Lair:6)
  An ogre zombie (D:11)
  4 gnolls (D:5)
  3 mummies
  23 adders
  2 giant mites (D:5)
  31 green rats
  3 shadow imps
  4 worms
  2 iguana zombies
  3 giant geckos
  7 oozes
  173 orcs
  4 ball pythons (Sewer)
  A bat skeleton (D:6)
  6 giant cockroaches
  15 goblins
  9 hobgoblins
  10 jackals
  16 quokkas
  16 bats
  A giant newt (D:5)
  A giant newt skeleton (D:5)
  2 giant spores
  26 kobolds
  A kobold zombie (D:5)
  2 orc skeletons
  An orc zombie (D:14)
  18 rats
  8 ballistomycetes
  4 plants (Lair:8)
957 creatures vanquished.

Vanquished Creatures (collateral kills)
  Gastronok (Orc:1)
  3 orc warlords
  5 dire elephants (Lair:8)
  A fire dragon (Lair:5)
  3 hydras
  An ogre mage (D:13)
  Urug (D:15)
  3 orc high priests (Orc:4)
  An unseen horror (D:15)
  3 wizards
  3 orc knights (Orc:4)
  2 griffons
  4 hill giants
  An ugly thing (D:12)
  A manticore (D:15)
  4 orc sorcerers (Orc:4)
  5 oklob plants (Lair:4)
  5 elephants
  A guardian serpent (Snake:2)
  2 spiny frogs
  A gargoyle (D:15)
  A komodo dragon (Lair:5)
  A hellwing (D:13)
  A tengu conjurer (D:14)
  A merfolk (Lair:4)
  A troll (Orc:2)
  A polar bear (Lair:7)
  8 blink frogs
  A two-headed ogre (D:12)
  5 slime creatures
  A raven (D:13)
  A wyvern (Lair:7)
  6 yaks
  2 basilisks
  8 wolves
  A hill giant skeleton (D:14)
  A naga (Lair:3)
  2 wargs (Orc:4)
  A porcupine (Lair:7)
  3 water moccasins (Lair:7)
  2 ogres
  17 orc warriors
  An ice beast (D:15)
  2 centaurs (D:15)
  4 crocodiles
  A boring beetle (Lair:3)
  A big kobold (D:14)
  3 giant frogs
  4 electric eels
  3 wights (D:15)
  18 orc priests
  14 orc wizards
  A mottled dragon zombie (D:15)
  26 orcs
  A hobgoblin (Orc:1)
  A quokka (Lair:4)
  3 goblins
  3 kobolds (D:14)
  4 bushes (D:15)
  A plant (Lair:8)
207 creatures vanquished.

Vanquished Creatures (others)
  3 cacodemons
  2 blizzard demons
  A hill giant (D:13)
  A spiny frog (Lair:8)
  3 smoke demons
  2 orange demons
  A hellwing (D:13)
  3 ynoxinuls
  A neqoxec (Lair:8)
  A crocodile (Lair:4)
  An iron imp (D:11)
  A kobold (D:14)
  2 plants
22 creatures vanquished.

Grand Total: 1186 creatures vanquished

Notes
Turn   | Place    | Note
--------------------------------------------------------------
     0 | D:1      | magipi, the Tengu Assassin, began the quest for the Orb.
     0 | D:1      | Reached XP level 1. HP: 12/12 MP: 1/1
     3 | D:1      | Noticed a jelly
   120 | D:1      | Reached XP level 2. HP: 12/17 MP: 3/3
  1124 | D:2      | Reached XP level 3. HP: 21/21 MP: 4/4
  2025 | D:3      | Found a deep blue altar of Sif Muna.
  2061 | D:3      | Reached XP level 4. HP: 26/26 MP: 5/5
  2135 | D:3      | Found a blossoming altar of Fedhas.
  2203 | D:3      | Found a shadowy altar of Dithmenos.
  2205 | D:3      | Found a snail-covered altar of Cheibriados.
  2231 | D:3      | Found an ancient bone altar of Kikubaaqudgha.
  2231 | D:3      | Found a burning altar of Makhleb.
  2233 | D:3      | Found a sparkling altar of Nemelex Xobeh.
  2233 | D:3      | Found a shattered altar of Ashenzari.
  2244 | D:3      | Became a worshipper of Makhleb the Destroyer
  2385 | D:3      | Noticed Crazy Yiuf
  2401 | D:3      | Killed Crazy Yiuf
  2401 | D:3      | Reached skill level 5 in Throwing
  2898 | D:3      | Reached XP level 5. HP: 30/30 MP: 7/7
  3284 | D:4      | Noticed Menkaure
  3286 | D:4      | Noticed dscm's ghost (average OpEE)
  3341 | D:4      | Got a crystal whip
  3344 | D:4      | Identified the +12 whip of Esoakov {freeze, rF++ Stlth--} (You found it on level 4 of the Dungeon)
  3410 | D:4      | Noticed a phantom
  3663 | D:4      | Reached skill level 6 in Throwing
  3760 | D:4      | Killed a phantom
  3760 | D:4      | Reached skill level 7 in Throwing
  3760 | D:4      | Reached XP level 6. HP: 32/35 MP: 8/8
  3784 | D:4      | Killed dscm's ghost
  4036 | D:5      | Entered Level 5 of the Dungeon
  4105 | D:5      | Acquired Makhleb's first power
  4173 | D:5      | Found a glowing drain.
  4177 | Sewer    | Entered a sewer
  4217 | Sewer    | Reached XP level 7. HP: 40/40 MP: 9/9
  4232 | Sewer    | Reached skill level 8 in Throwing
  4346 | Sewer    | Reached skill level 1 in Maces & Flails
  4672 | D:5      | Found a white marble altar of Elyvilon.
  4673 | D:5      | Found a glowing silver altar of Zin.
  4704 | D:5      | Acquired Makhleb's second power
  4902 | D:5      | Found a glowing golden altar of the Shining One.
  5194 | D:5      | Found a staircase to the Ecumenical Temple.
  5241 | D:5      | Reached XP level 8. HP: 38/44 MP: 11/11
  5586 | D:6      | Acquired Makhleb's third power
  5620 | D:6      | Reached skill level 9 in Throwing
  6015 | D:6      | Got a distressingly furry ring mail
  6142 | D:6      | Acquired Makhleb's fourth power
  6170 | D:5      | Identified the +5 ring mail of Unupnopn {Dex-3 Int+2} (You took it off an orc on level 6 of the Dungeon)
  6194 | D:6      | Reached skill level 5 in Dodging
  6433 | D:6      | Reached skill level 5 in Maces & Flails
  6749 | D:7      | Reached XP level 9. HP: 45/48 MP: 12/12
  7350 | D:8      | Noticed Joseph
  7375 | D:8      | Killed Joseph
  7682 | D:8      | Found a staircase to the Lair.
  7874 | D:8      | Acquired Makhleb's fifth power
  8128 | D:9      | Found a staircase to the Orcish Mines.
  8185 | D:8      | HP: 2/48 [orc warrior/broad axe (17)]
  8204 | D:8      | Reached skill level 1 in Invocations
  8204 | D:8      | Reached skill level 1 in Evocations
  8638 | D:9      | Noticed Edmund
  8657 | D:9      | Killed Edmund
  8748 | D:9      | Reached XP level 10. HP: 53/53 MP: 17/17
  9748 | D:10     | Entered Level 10 of the Dungeon
  9823 | D:10     | Reached skill level 1 in Armour
  9829 | D:10     | Reached skill level 5 in Evocations
 10110 | D:10     | Noticed a hill giant
 10128 | D:10     | Killed a hill giant
 10420 | D:10     | Reached XP level 11. HP: 62/62 MP: 22/22
 10432 | D:10     | Noticed an ice statue
 10490 | D:10     | Noticed a hill giant
 10507 | D:10     | Killed a hill giant
 10507 | D:10     | Reached skill level 5 in Shields
 10590 | D:10     | Got a slimy ring mail
 10616 | D:10     | Identified the +5 ring mail of Khuch {+Rage rC+ Slay+2} (You found it on level 10 of the Dungeon)
 11240 | D:11     | Noticed a hill giant
 11343 | D:11     | Reached skill level 5 in Invocations
 11549 | D:11     | Killed a hill giant
 11993 | D:11     | Noticed an unseen horror
 11999 | D:11     | Killed an unseen horror
 11999 | D:11     | Reached skill level 5 in Armour
 12576 | D:11     | Noticed a five-headed hydra
 12791 | D:11     | Found Coisia's Antique Armour Shop.
 12813 | D:11     | Noticed an unseen horror
 12813 | D:11     | Noticed a hill giant
 12828 | D:11     | Killed an unseen horror
 12838 | D:11     | Killed a hill giant
 12914 | D:11     | Killed a five-headed hydra
 12914 | D:11     | Reached XP level 12. HP: 58/67 MP: 25/25
 13172 | Lair:1   | Entered Level 1 of the Lair of Beasts
 13411 | Lair:1   | Noticed a seven-headed hydra
 13426 | Lair:1   | Killed a seven-headed hydra
 13763 | Lair:2   | Reached skill level 10 in Evocations
 14446 | Lair:3   | Reached skill level 5 in Fighting
 14696 | Lair:3   | Noticed a six-headed hydra
 14706 | Lair:3   | Killed a six-headed hydra
 14733 | Lair:3   | Found a staircase to the Snake Pit.
 14973 | Lair:3   | Reached XP level 13. HP: 73/73 MP: 28/28
 15683 | Lair:4   | Found a staircase to the Shoals.
 16427 | Lair:5   | Reached skill level 10 in Invocations
 16900 | Lair:6   | Found a shimmering altar of Xom.
 17749 | Lair:6   | Reached XP level 14. HP: 76/84 MP: 29/29
 18252 | Lair:8   | Entered Level 8 of the Lair of Beasts
 18716 | Lair:8   | Reached skill level 10 in Armour
 18716 | Lair:8   | Reached skill level 10 in Dodging
 19253 | Lair:8   | Got a glittering marble ring
 19255 | Lair:8   | Identified the ring "Yllajaly" {AC+3 Str+1} (You found it on level 8 of the Lair of Beasts)
 19324 | Lair:8   | Found a staircase to the Slime Pits.
 19325 | Lair:8   | Found a viscous altar of Jiyva.
 19692 | D:3      | Identified Sif Muna's Disquisition on Battle Magic (You found it on level 3 of the Dungeon)
 19723 | D:4      | Killed Menkaure
 19919 | Orc:1    | Entered Level 1 of the Orcish Mines
 20211 | Orc:1    | Noticed Gastronok
 20252 | Orc:1    | Killed Gastronok
 20479 | Orc:2    | Noticed an orc warlord
 21329 | Orc:3    | Found a staircase to the Elven Halls.
 21547 | Orc:4    | Entered Level 4 of the Orcish Mines
 21547 | Orc:4    | Found a roughly hewn altar of Beogh.
 21758 | Orc:4    | Noticed an orc warlord
 21784 | Orc:4    | Killed an orc warlord
 21784 | Orc:4    | Reached skill level 10 in Shields
 22254 | Orc:2    | Killed an orc warlord
 22422 | Orc:4    | Found a roughly hewn altar of Beogh.
 22687 | Orc:4    | Noticed an orc warlord
 22693 | Orc:4    | Killed an orc warlord
 22723 | Orc:4    | Reached skill level 11 in Shields
 22732 | Orc:4    | Reached XP level 15. HP: 83/90 MP: 30/30
 23239 | Orc:4    | Found Waiw Ila's General Store.
 23241 | Orc:4    | Found Cosim's Book Shoppe.
 23243 | Orc:4    | Found Asudacem's Antique Armour Shoppe.
 23243 | Orc:4    | Found Toir's Antique Weapon Emporium.
 23270 | Orc:4    | Bought a twisted cloak for 294 gold pieces
 23270 | Orc:4    | Bought an embroidered hat for 124 gold pieces
 23304 | Orc:4    | Identified the +3 cloak of Winter {Str+3 Dex+4} (You bought it in a shop on level 4 of the Orcish Mines)
 23310 | Orc:4    | Bought a wand of magic darts (10) for 50 gold pieces
 23310 | Orc:4    | Bought a scroll of identify for 28 gold pieces
 23310 | Orc:4    | Bought a potion of curing for 28 gold pieces
 24171 | D:12     | Reached skill level 12 in Shields
 26087 | D:13     | Found a gate to the Vaults.
 27082 | D:13     | Reached skill level 10 in Fighting
 27186 | D:13     | Noticed a frost giant
 27225 | D:13     | Killed a frost giant
 27439 | D:13     | Got a heavily runed bronze ring
 27444 | D:13     | Identified a +4 rod of destruction (10/10) (You found it on level 13 of the Dungeon)
 27448 | D:13     | Identified the cursed ring of Xitiplucs {Str+1 Int-3} (You found it on level 13 of the Dungeon)
 28141 | D:13     | Found a gate to the Vaults.
 28490 | D:13     | Found a gate to the Vaults.
 29141 | D:14     | Found a basalt altar of Yredelemnul.
 29309 | D:14     | Noticed Fannar
 29370 | D:14     | Killed Fannar
 29383 | D:14     | Reached XP level 16. HP: 95/99 MP: 30/30
 29947 | D:15     | Entered Level 15 of the Dungeon
 30174 | D:15     | Noticed Urug
 30180 | D:15     | Killed Urug
 30200 | D:15     | Got a warped blowgun
 30201 | D:15     | Identified the cursed +3 blowgun "Fraof" {speed, rPois rF- MR+} (You found it on level 15 of the Dungeon)
 30224 | D:15     | Found Jiuxaod's Book Boutique.
 30929 | D:15     | Found a staircase to the Depths.
 31201 | Snake:1  | Entered Level 1 of the Snake Pit
 32463 | Snake:2  | Noticed Aizul
 32554 | Snake:2  | HP: 5/150 [naga ritualist/scimitar of venom (8)]
 32554 | Snake:2  | Killed from afar by a guardian serpent

Action                   |  1- 3 |  4- 6 |  7- 9 | 10-12 | 13-15 | 16-18 || total
-------------------------+-------+-------+-------+-------+-------+-------++-------
Melee: Dagger            |    68 |    63 |    85 |       |       |       ||   216
       Whip              |       |    18 |   232 |   684 |  1561 |   324 ||  2819
 Fire: Blowgun           |       |    20 |    33 |    12 |     5 |       ||    70
Invok: Lesser Servant of |       |       |       |     8 |    13 |     3 ||    24
       Greater Servant o |       |       |       |       |    19 |     6 ||    25
 Abil: Fly               |       |       |       |       |     2 |       ||     2
       Stop Flying       |       |       |       |       |     1 |       ||     1
       Evoke Berserk Rag |       |       |       |       |       |     2 ||     2
Evoke: Wand              |       |       |     6 |    18 |    23 |     4 ||    51
       Rod               |       |       |       |       |     2 |       ||     2
  Use: Scroll            |       |    10 |     7 |     9 |    15 |     4 ||    45
       Potion            |       |       |     4 |       |     1 |     4 ||     9
 Stab: Sleeping          |    10 |     4 |    12 |       |       |       ||    26
       Distracted        |     1 |     1 |       |     2 |     8 |     2 ||    14
       Paralysed         |       |       |       |     2 |     2 |     6 ||    10
       Confused          |       |       |       |       |     1 |       ||     1
  Eat: Chunk             |     3 |     2 |     3 |       |    13 |     1 ||    22
       Beef jerky        |       |     1 |     1 |       |     3 |       ||     5
       Fruit             |       |     4 |       |     5 |    12 |       ||    21
       Meat ration       |       |       |     1 |     1 |       |       ||     2
       Bread ration      |       |       |     1 |       |       |       ||     1
       Royal jelly       |       |       |       |     5 |     8 |     6 ||    19
       Pizza             |       |       |       |     1 |     4 |     1 ||     6
